 Dungeon Crawl Stone Soup version 0.26-a0-660-gc07710193c (webtiles) character file.

Game seed: 15336596305903791432

126 MrRokkomies the Gusty (level 5, -3/43 HPs)
             Began as a Gnoll Wanderer on Oct 8, 2020.
             Was a Follower of Makhleb.
             Slain by a river rat (7 damage)
             ... on level 3 of the Dungeon.
             The game lasted 00:04:44 (2579 turns).

MrRokkomies the Gusty (Gnoll Wanderer)              Turns: 2579, Time: 00:04:46

Health: -3/43      AC:  7    Str: 15    XL:     5   Next: 10%
Magic:  7/7        EV: 11    Int: 15    God:    Makhleb [*.....]
Gold:   101        SH:  0    Dex: 14    Spells: 5/6 levels left

rFire    . . .     SeeInvis .   b - +0 dagger
rCold    + . .     Faith    .   (no shield)
rNeg     . . .     Spirit   .   j - +0 leather armour {MR+}
rPois    .         Reflect  .   (no helmet)
rElec    .         Harm     .   (no cloak)
rCorr    .         Rampage  .   (no gloves)
MR       +....                  (no boots)
Stlth    ++........             (no amulet)
HPRegen  0.14/turn              c - +4 ring of protection
MPRegen  0.10/turn              p - ring of protection from cold

@: no status effects
A: distributed training, fangs 1, strong nose
a: Renounce Religion


You were on level 3 of the Dungeon.
You worshipped Makhleb.
Makhleb was aware of your devotion.
You visited 1 branch of the dungeon, and saw 3 of its levels.

You collected 101 gold pieces.

Inventory:

Hand Weapons
 a - a +2 shortbow
 b - a +0 dagger (weapon)
Missiles
 h - 7 arrows
 v - 24 poisoned darts (quivered)
Armour
 j - a +0 leather armour of magic resistance (worn)
 u - a +1 leather armour
Jewellery
 c - a +4 ring of protection (left hand)
 o - an uncursed ring of fire
 p - a ring of protection from cold (right hand)
Scrolls
 d - 3 scrolls of teleportation
 g - 3 scrolls of identify
 i - a scroll of remove curse
Potions
 e - a potion of stabbing
 f - 3 potions of lignification
 k - a potion of resistance {unknown}
 l - 2 potions of brilliance {unknown}
 m - a potion of curing {unknown}
 n - a potion of might {unknown}
 q - a potion of cancellation {unknown}


   Skills:
 + Level 4.7 Fighting
 + Level 1.3 Short Blades
 + Level 1.3 Long Blades
 + Level 1.3 Axes
 + Level 1.3 Maces & Flails
 + Level 1.3 Polearms
 + Level 1.3 Staves
 + Level 1.3 Slings
 + Level 4.7 Bows
 + Level 1.3 Crossbows
 + Level 1.3 Throwing
 + Level 2.9 Armour
 + Level 1.3 Dodging
 + Level 2.7 Stealth
 + Level 2.9 Shields
 + Level 1.3 Unarmed Combat
 + Level 1.3 Spellcasting
 + Level 1.1 Conjurations
 + Level 1.1 Hexes
 + Level 1.1 Summonings
 + Level 1.1 Necromancy
 + Level 1.1 Translocations
 + Level 1.1 Transmutations
 + Level 1.1 Fire Magic
 + Level 1.1 Ice Magic
 + Level 5.5 Air Magic
 + Level 1.1 Earth Magic
 + Level 1.1 Poison Magic
 + Level 1.5 Invocations
 + Level 1.3 Evocations


You had 5 spell levels left.
You knew the following spells:

 Your Spells              Type           Power        Failure   Level
a - Sandblast             Erth           #.....       19%         1

Your spell library contained the following spells:

 Spells                   Type           Power        Failure   Level
 Summon Small Mammal      Summ           #...         19%         1
 Call Imp                 Summ           #.......     28%         2
 Call Canine Familiar     Summ           #.......     50%         3
 Stone Arrow              Conj/Erth      #.....       50%         3
 Summon Guardian Golem    Hex/Summ       #.......     50%         3
 Summon Lightning Spire   Summ/Air       ##......     58%         4
 Summon Ice Beast         Ice/Summ       #.......     88%         4


Dungeon Overview and Level Annotations

Branches:
Dungeon (3/15)

Altars:
Elyvilon
Hepliaklqana
Makhleb
Xom


Innate Abilities, Weirdness & Mutations

Your experience applies equally to all skills.
You have very sharp teeth.
Your uncanny sense of smell can sniff out nearby items.


Message History

You enter the shallow water.
Moving in this stuff is going to be slow.
Things that are here:
a rat corpse; a bat corpse You see here a rat corpse.
Things that are here:
a rat corpse; a ball python corpse; an adder corpse Throwing (i - inventory)
v - 26 poisoned darts (quivered)
Press: ? - help, Shift-Dir - straight line, f - river rat
Aim: a river rat You throw a poisoned dart.
The poisoned dart hits the river rat.
The river rat is poisoned.
The river rat bites you.
* * * LOW HITPOINT WARNING * * *
Throwing (i - inventory)
v - 25 poisoned darts (quivered)
Press: ? - help, Shift-Dir - straight line, f/p - river rat
Aim: a river rat (lightly wounded, poisoned)
You throw a poisoned dart. The poisoned dart hits the river rat.
The river rat is lightly wounded.
The river rat bites you!
You die...

#.#
#.#
#.#
#.#
#)#
#.#
#.#
#.#
#@#
#r#
#r#
#.#
#.#
#.#
#.#
#†#
#†#


You could see 2 river rats.

Vanquished Creatures
  Ijyb (D:3)
  2 adders
  An ooze (D:1)
  2 dart slugs (D:1)
  A leopard gecko (D:1)
  6 orcs (D:3)
  4 ball pythons
  9 bats
  2 giant cockroaches (D:1)
  13 goblins
  3 hobgoblins
  4 jackals (D:3)
  5 frilled lizards
  7 kobolds
  7 rats
67 creatures vanquished.

Notes
Turn   | Place    | Note
-------+----------+-------------------------------------------
     0 | D:1      | MrRokkomies the Gnoll Wanderer began the quest for the Orb.
     0 | D:1      | MrRokkomies set off with the following items: a +2
                  | shortbow, 22 arrows, a scroll of teleportation, a +0 robe;
                  | and the following spell memorised: Sandblast; and the
                  | following spells available to memorise: Stone Arrow
     0 | D:1      | Reached XP level 1. HP: 20/20 MP: 1/1
   192 | D:1      | Reached XP level 2. HP: 26/26 MP: 2/2
   446 | D:1      | Reached XP level 3. HP: 31/31 MP: 3/3
   955 | D:2      | Reached skill level 1 in Invocations
  1088 | D:2      | Found a shimmering altar of Xom.
  1328 | D:2      | Reached skill level 1 in Short Blades
  1328 | D:2      | Reached skill level 1 in Long Blades
  1328 | D:2      | Reached skill level 1 in Axes
  1328 | D:2      | Reached skill level 1 in Maces & Flails
  1328 | D:2      | Reached skill level 1 in Polearms
  1328 | D:2      | Reached skill level 1 in Staves
  1328 | D:2      | Reached skill level 1 in Slings
  1328 | D:2      | Reached skill level 1 in Crossbows
  1328 | D:2      | Reached skill level 1 in Throwing
  1328 | D:2      | Reached skill level 1 in Dodging
  1328 | D:2      | Reached skill level 1 in Unarmed Combat
  1328 | D:2      | Reached skill level 1 in Spellcasting
  1328 | D:2      | Reached skill level 1 in Evocations
  1331 | D:2      | Found a burning altar of Makhleb.
  1341 | D:2      | Became a worshipper of Makhleb the Destroyer
  1665 | D:2      | Found a hazy altar of Hepliaklqana.
  1666 | D:2      | Found a shimmering altar of Xom.
  1667 | D:2      | Noticed a spectral ugly thing
  1791 | D:3      | Reached XP level 4. HP: 38/38 MP: 5/5
  1974 | D:3      | Noticed Ijyb
  1985 | D:3      | Paralysed by Ijyb for 2 turns
  1995 | D:3      | Paralysed by Ijyb for 6 turns
  2013 | D:3      | Killed Ijyb
  2013 | D:3      | Reached skill level 1 in Conjurations
  2013 | D:3      | Reached skill level 1 in Hexes
  2013 | D:3      | Reached skill level 1 in Summonings
  2013 | D:3      | Reached skill level 1 in Necromancy
  2013 | D:3      | Reached skill level 1 in Translocations
  2013 | D:3      | Reached skill level 1 in Transmutations
  2013 | D:3      | Reached skill level 1 in Fire Magic
  2013 | D:3      | Reached skill level 1 in Ice Magic
  2013 | D:3      | Reached skill level 1 in Earth Magic
  2013 | D:3      | Reached skill level 1 in Poison Magic
  2109 | D:3      | Found a white marble altar of Elyvilon.
  2421 | D:3      | Reached * piety under Makhleb
  2532 | D:3      | Reached XP level 5. HP: 18/43 MP: 5/7
  2579 | D:3      | Slain by a river rat

Illustrated notes

Levels and vault maps discovered:
D:1:      erik_arrival_cave_to_civilisation [erik_arrival_cave_to_hall],
          layout_basic, minmay_pentomino_x2
D:2:      layout_loops_ring, regret_index_temple_of_mockery,
          overflow_temple_1_default, xom_teletrap_fun
D:3:      minmay_chambers_of_twos, layout_basic, elyvilon_altar_5,
          portal_sewer_entry_e, uniq_ijyb

Skill      XL: |  1  2  3  4 |
---------------+-------------+-----
Invocations    | 1 |  1.5
Short Blades   | 1 |  1.3
Long Blades    | 1 |  1.3
Axes           | 1 |  1.3
Maces & Flails | 1 |  1.3
Polearms       | 1 |  1.3
Staves         | 1 |  1.3
Slings         | 1 |  1.3
Crossbows      | 1 |  1.3
Throwing       | 1 |  1.3
Dodging        | 1 |  1.3
Unarmed Combat | 1 |  1.3
Spellcasting   | 1 |  1.3
Evocations     | 1 |  1.3
Conjurations   | 1 |  1.1
Hexes          | 1 |  1.1
Summonings     | 1 |  1.1
Necromancy     | 1 |  1.1
Translocations | 1 |  1.1
Transmutations | 1 |  1.1
Fire Magic     | 1 |  1.1
Ice Magic      | 1 |  1.1
Earth Magic    | 1 |  1.1
Poison Magic   | 1 |  1.1
Fighting       | |  4.7
Bows           | |  4.7
Armour         | |  2.9
Stealth        | |  2.7
Shields        | |  2.9
Air Magic      | |  5.5

Action                   |  1- 3 |  4- 6 || total
-------------------------+-------+-------++-------
Melee: Dagger            |       |    67 ||    67
       Unarmed           |       |     9 ||     9
       Bite              |       |     5 ||     5
       Punch             |       |     1 ||     1
 Fire: Shortbow          |    89 |    18 ||   107
Throw: Dart              |       |    52 ||    52
  Use: Scroll            |     8 |     1 ||     9
       Potion            |       |     1 ||     1
Armor: Robe              |     7 |       ||     7
       Leather armour    |       |    56 ||    56
       Skin              |       |    17 ||    17
Dodge: Dodged            |    21 |    69 ||    90

Table legend: (Time is in decaauts)
 A = Elapsed time spent in this place.
 B = Non-inter-level travel time spent in this place.
 C = Inter-level travel time spent in this place.
 D = Time resting spent in this place.
 E = Time spent auto-exploring this place.
 F = Levels seen in this place.
 G = Mean time per level.
                   A        B        C        D        E       F      G
               +--------+--------+--------+--------+--------+-----+--------+
         Total |   2575 |   2488 |     87 |     17 |   1884 |   3 |  858.3 |
       Dungeon |   2575 |   2488 |     87 |     17 |   1884 |   3 |  858.3 |
               +--------+--------+--------+--------+--------+-----+--------+

Top non-repeatable levels by time:
     D:1: 911 daAuts
     D:3: 847 daAuts
     D:2: 817 daAuts
